 Seeded DCSS version 0.31-a0-229-g1fc7ce93e2 (webtiles) character file.

Game seed: 705649268257728946 (custom seed)

7452 innerfire43 the Skirmisher (level 10, 0/74 HPs)
             Began as a Demonspawn Monk on July 6, 2023.
             Was a High Priest of Cheibriados.
             Frozen to death by BlueFish's ghost (20 damage)
             ... on level 9 of the Dungeon.
             The game lasted 00:10:46 (6241 turns).

innerfire43 the Skirmisher (Demonspawn Monk)        Turns: 6241, Time: 00:10:47

Health: 0/74       AC: 32    Str: 29    XL:     10   Next: 94%
Magic:  10/10      EV: 15    Int: 25    God:    Cheibriados [*****.]
Gold:   566        SH:  0    Dex: 34    Spells: 9/9 levels left

rFire   + . .        A - +8 storm bow {elec, penet}
rCold   . . .        (shield currently unavailable)
rNeg    . . .        l - +8 fire dragon scales of Mounoini {Contam rPois rF++ rC- Dex+3}
rPois   +            (no helmet)
rElec   .            G - +0 cloak
rCorr   .            m - +1 pair of gloves {Dex+3}
SInv    .            (no boots)
Will    .....        (no amulet)
Stlth   +            t - ring of flight
HPRegen 0.32/turn    p - ring of ice
MPRegen 0.24/turn

%: no passive effects
@: sanguine armoured, flying, very slow
A: claws 2, foul stench 2, magic regeneration, sanguine armour 2
a: Renounce Religion, Bend Time, Temporal Distortion, Slouch, Step From Time


You were on level 9 of the Dungeon.
You worshipped Cheibriados.
Cheibriados was extremely pleased with you.
You visited 2 branches of the dungeon, and saw 10 of its levels.

You collected 566 gold pieces.

Inventory:

Hand Weapons
 a - a +0 hand axe
 o - a +0 war axe of freezing
 A - the +8 storm bow (weapon) {elec, penet}
   (You found it on level 5 of the Dungeon)
 M - a +7 spear of distortion
 Q - a +3 hand axe
Missiles
 H - a throwing net
Armour
 b - a +0 robe
 d - an orb of light
 l - the +8 fire dragon scales of Mounoini (worn) {Contam rPois rF++ rC- Dex+3}
   (You acquired it on level 2 of the Dungeon)

   Dex:       It affects your dexterity (+3).
   rF:        It greatly protects you from fire.
   rC:        It makes you vulnerable to cold.
   rPois:     It protects you from poison.
   Contam:    It causes magical contamination when unequipped.
 m - a +1 pair of gloves of dexterity (worn)
 q - a +0 tower shield
 G - a +0 cloak (worn)
 L - +0 steam dragon scales
Jewellery
 g - a ring of magical power
 p - a ring of ice (right hand)
 r - a +6 ring of intelligence
 t - a ring of flight (left hand)
 D - an amulet of magic regeneration
 I - a ring of poison resistance
Wands
 n - a wand of flame (7)
 u - a wand of digging (4)
 P - a wand of roots (11)
Scrolls
 i - a scroll of immolation
 j - 3 scrolls of teleportation
 k - 3 scrolls of fog
 s - a scroll of poison
 y - 5 scrolls of identify
 C - 2 scrolls of amnesia {unknown}
 E - 3 scrolls of enchant armour {unknown}
 K - a scroll of noise {unknown}
 N - a scroll of silence {unknown}
 O - a scroll of blinking
Potions
 c - 4 potions of ambrosia
 e - 2 potions of mutation {unknown}
 f - 2 potions of berserk rage {unknown}
 h - 3 potions of resistance
 v - 2 potions of enlightenment {unknown}
 w - a potion of curing {unknown}
 x - a potion of invisibility {unknown}
 z - a potion of cancellation
 B - a potion of magic {unknown}
 F - 2 potions of heal wounds
 J - a potion of brilliance {unknown}
 R - a potion of might {unknown}


   Skills:
 - Level 5.1 Fighting
 - Level 4.7 Axes
 * Level 10.7 Ranged Weapons
 + Level 9.0 Armour
 - Level 4.6 Dodging


You had 9 spell levels left.
You didn't know any spells.
Your spell library contained the following spells:

 Spells                   Type           Power      Damage    Failure   Level
 Freeze                   Ice            0%         1d3       28%         1
 Blink                    Tloc           0%         N/A       41%         2
 Ensorcelled Hibernation  Hex/Ice        0%         N/A       41%         2
 Lesser Beckoning         Tloc           0%         N/A       41%         2
 Passwall                 Tmut/Erth      0%         N/A       41%         2
 Frozen Ramparts          Ice            0%         1d1       65%         3
 Gell's Gravitas          Tloc           0%         N/A       65%         3
 Hailstorm                Conj/Ice       0%         3d3       65%         3
 Ignite Poison            Fire/Tmut/Pois 0%         N/A       65%         3
 Ozocubu's Armour         Ice            0%         N/A       65%         3
 Swiftness                Air            0%         N/A       65%         3
 Teleport Other           Tloc           0%         N/A       65%         3
 Tukima's Dance           Hex            0%         N/A       65%         3
 Manifold Assault         Tloc           0%         N/A       96%         4
 Passage of Golubria      Tloc           0%         N/A       96%         4
 Sticky Flame             Conj/Fire      0%         2d3       96%         4
 Yara's Violent Unravell  Hex/Tmut       0%         3d3       100%        5
 Ozocubu's Refrigeration  Ice            0%         4d7       100%        7
 Storm Form               Tmut/Air       0%         N/A       100%        7
 Ignition                 Fire           0%         3d3       100%        8


Dungeon Overview and Level Annotations

Branches:
Dungeon (9/15)             Temple (1/1) D:4
   Lair: D:8-11         Orc: D:9-12

Altars:
Ashenzari
Cheibriados
Dithmenos
Fedhas
Gozag
Hepliaklqana
Kikubaaqudgha
Makhleb
Nemelex Xobeh
Okawaru
Ru
Trog
Uskayaw
Vehumet
Xom
Yredelemnul

Shops:
D:9 !

Annotations:
D:9 BlueFish's ghost, novice DrAr


Innate Abilities, Weirdness & Mutations

You have very sharp fingernails.
You sometimes emit foul miasma when damaged in melee.
You regenerate magic rapidly.
When seriously injured, your blood forms thick armour. (AC +9)


Message History

BlueFish's ghost ripples.
Fire: A) +8 storm bow {elec, penet}
Press: ? - help, Q - select action, (/) - cycle Shift-Dir - straight line, f - centaur warrior zombie
Aim: a centaur warrior zombie (91% to hit)
You shoot an arrow.
The arrow pierces through BlueFish's ghost!!
BlueFish's ghost is moderately damaged.
The arrow pierces through the meliai simulacrum!
The meliai simulacrum is severely damaged.
The arrow pierces through the centaur warrior zombie!!
The centaur warrior zombie is heavily damaged.
The spectral centaur warrior hits you but does no damage.
The spectral centaur warrior barely misses you.
The centaur warrior simulacrum hits you but does no damage.
The centaur warrior simulacrum kicks you but does no damage.
The spectral centaur warrior hits you but does no damage.
The spectral centaur warrior closely misses you.
The centaur warrior simulacrum misses you.
The centaur warrior simulacrum barely misses you. x2
The centaur warrior simulacrum kicks you but does no damage.
Fire: A) +8 storm bow {elec, penet}
Press: ? - help, Q - select action, (/) - cycle Shift-Dir - straight line, f/p - centaur warrior zombie
Aim: a centaur warrior zombie (heavily damaged, 91% to hit)
You shoot an arrow.
The arrow pierces through the centaur warrior simulacrum!!
The centaur warrior simulacrum is almost destroyed.
The arrow pierces through the centaur warrior zombie!!
Lightning courses through the centaur warrior zombie!
The centaur warrior zombie is almost destroyed.
The spectral centaur warrior misses you.
The spectral centaur warrior kicks you but does no damage.
The centaur warrior simulacrum hits you but does no damage.
The centaur warrior simulacrum kicks you but does no damage.
The centaur warrior simulacrum hits you.
The centaur warrior simulacrum freezes you!!
* * * LOW HITPOINT WARNING * * *
The centaur warrior simulacrum kicks you but does no damage.
BlueFish's ghost freezes you.
You are frozen!!
You die...

.....# #####.≈≈#.# ######
#.#.≈.#.# #.#+#...# #######
#.#...########
......######.#...##.#.#.#
..###.............#.....#
......####......Z.'...$## ...##.#
##.#....ZZ'...$.# ##.##.#
#...))..@WZ...)## ###### ......#
#..#..)..Z#.....####.>... #...###
#..#...#..#.#.#.#.......# #...#
#..#......##########..#.# #...#
#.................##....#
#...#####.###..#.##.........)..[.
.<......#.###..#.##........#)<##.
..........##...#...........#)....
........####.#.####........##.##.


You could see a spectral centaur warrior, BlueFish's ghost, 2 centaur warrior
simulacra, a meliai simulacrum and a centaur warrior zombie.

Vanquished Creatures
  2 two-headed ogres
  A cyclops (D:8)
  A hornet (D:8)
  Grinder (D:6)
  Sigmund (D:2)
  A wyvern (D:8)
  11 yaks
  2 steam dragons
  A water moccasin (D:5)
  An orc warrior (D:9)
  A sky beast (D:7)
  An ice beast (D:6)
  A black bear (D:6)
  An ogre (D:7)
  3 centaurs
  A phantom (D:6)
  2 kobold brigands
  4 bullfrogs
  A gnoll sergeant (D:7)
  5 scorpions
  9 wights
  11 killer bees
  4 jellies
  Crazy Yiuf (D:6)
  5 orc priests
  Jessica (D:3)
  A gnoll bouda (D:7)
  2 iguanas
  Terence (D:2)
  10 orc wizards
  9 adders
  7 gnolls (D:7)
  A dart slug (D:2)
  2 worms
  32 orcs
  3 bats
  6 endoplasms
  A giant cockroach (D:4)
  11 goblins
  6 hobgoblins
  5 quokkas
  4 ball pythons
  2 frilled lizards
  20 kobolds
  3 rats
199 creatures vanquished.

Notes
Turn   | Place    | Note
-------+----------+-------------------------------------------
     0 | D:1      | innerfire43 the Demonspawn Monk began the quest for the
                  | Orb.
     0 | D:1      | Reached XP level 1. HP: 18/18 MP: 1/1
   366 | D:1      | Gained mutation: You have sharp fingernails. [demonic
                  | ancestry]
   366 | D:1      | Reached XP level 2. HP: 23/24 MP: 2/2
   739 | D:2      | Identified a scroll of acquirement
   739 | D:2      | Acquired the +8 fire dragon scales of Mounoini {Contam
                  | rPois rF++ rC- Dex+3}
   848 | D:2      | Noticed Terence
   879 | D:2      | Killed Terence
   880 | D:2      | Gained mutation: You may rarely emit foul miasma when
                  | damaged in melee. [demonic ancestry]
   880 | D:2      | Reached XP level 3. HP: 20/29 MP: 3/3
   921 | D:2      | Found a faded altar of an unknown god.
  1092 | D:2      | Noticed Sigmund
  1112 | D:2      | Killed Sigmund
  1113 | D:2      | Reached XP level 4. HP: 21/37 MP: 4/4
  1113 | D:2      | Gained mutation: You have very sharp fingernails. [demonic
                  | ancestry]
  1113 | D:2      | Reached XP level 5. HP: 24/42 MP: 5/5
  1408 | D:3      | Noticed Jessica
  1417 | D:3      | Identified the +2 scale mail "Xeclih" {rN+ Int+3}
  1420 | D:3      | Killed Jessica
  1430 | D:3      | Gained mutation: You regenerate magic rapidly. [demonic
                  | ancestry]
  1430 | D:3      | Reached XP level 6. HP: 48/48 MP: 6/6
  1553 | D:3      | Found a hazy altar of Hepliaklqana.
  2374 | D:4      | Found a radiant altar of Vehumet.
  2426 | D:4      | HP: 1/49 [scorpion (4)]
  2517 | D:4      | Found a staircase to the Ecumenical Temple.
  2583 | Temple   | Entered the Ecumenical Temple
  2602 | Temple   | Became a worshipper of Cheibriados the Contemplative
  2602 | Temple   | Reached * piety under Cheibriados
  2602 | Temple   | Reached ** piety under Cheibriados
  2804 | D:4      | Gained mutation: When seriously injured, your blood forms
                  | armour. (AC +9) [demonic ancestry]
  2804 | D:4      | Reached XP level 7. HP: 41/55 MP: 7/7
  2911 | D:5      | Entered Level 5 of the Dungeon
  3067 | D:5      | Reached skill level 5 in Fighting
  3283 | D:5      | Found the +8 storm bow {elec, penet}
  3515 | D:6      | Reached skill level 1 in Ranged Weapons
  3515 | D:6      | Reached *** piety under Cheibriados
  3523 | D:6      | Gained mutation: When seriously injured, your blood forms
                  | thick armour. (AC +9) [demonic ancestry]
  3523 | D:6      | Reached XP level 8. HP: 62/62 MP: 8/8
  3528 | D:6      | Reached skill level 2 in Ranged Weapons
  3567 | D:6      | Reached skill level 5 in Armour
  3570 | D:6      | Reached skill level 3 in Ranged Weapons
  3738 | D:6      | Noticed Grinder
  3742 | D:6      | Killed Grinder
  3842 | D:6      | Reached skill level 4 in Ranged Weapons
  3963 | D:6      | Found a runed translucent door.
  3964 | D:6      | Noticed Crazy Yiuf
  4144 | D:6      | Killed Crazy Yiuf
  4324 | D:7      | Reached skill level 5 in Ranged Weapons
  4388 | D:7      | Reached **** piety under Cheibriados
  4430 | D:7      | Reached XP level 9. HP: 68/68 MP: 9/9
  4475 | D:7      | Reached skill level 6 in Ranged Weapons
  4897 | D:8      | Reached skill level 7 in Ranged Weapons
  4940 | D:8      | Reached ***** piety under Cheibriados
  4980 | D:8      | Noticed a cyclops
  4986 | D:8      | Killed a cyclops
  4987 | D:8      | Reached skill level 8 in Ranged Weapons
  5074 | D:8      | Noticed a two-headed ogre
  5077 | D:8      | Killed a two-headed ogre
  5078 | D:8      | Gained mutation: You sometimes emit foul miasma when
                  | damaged in melee. [demonic ancestry]
  5078 | D:8      | Reached XP level 10. HP: 74/74 MP: 10/10
  5156 | D:8      | Reached skill level 9 in Ranged Weapons
  5505 | D:8      | Found a burning altar of Makhleb.
  5505 | D:8      | Found a blossoming altar of Fedhas.
  5505 | D:8      | Found a sparkling altar of Nemelex Xobeh.
  5663 | D:9      | Found a runed translucent gate.
  5663 | D:9      | Found a runed translucent gate.
  5663 | D:9      | Found a runed translucent gate.
  5664 | D:9      | Noticed BlueFish's ghost (novice DrAr)
  5664 | D:9      | Noticed a spectral centaur warrior
  5749 | D:9      | Reached skill level 10 in Ranged Weapons
  5938 | D:9      | Found Xotus's Distillery.
  5956 | D:9      | Noticed a two-headed ogre
  5961 | D:9      | Killed a two-headed ogre
  6241 | D:9      | Frozen to death by BlueFish's ghost

Illustrated notes

Levels and vault maps discovered:
D:1:      minmay_arrival_widening_spiral_narrow, layout_basic
D:2:      layout_basic, shapermc_ecumenical_altar_mp_highgroup, uniq_terence,
          uniq_sigmund
D:3:      layout_basic, overflow_temple_1_default, minmay_unequal, uniq_jessica
D:4:      layout_basic, tso_oasis_becter, nicolae_vehumet_altar_sigil,
          minmay_temple_entry_slanted, grunt_ministairs_8
D:5:      layout_cave_pools, amcnicky_altar_gilded
D:6:      layout_loops_ring, uniq_crazy_yiuf_cottage, uniq_grinder
D:7:      layout_loops_ring
D:8:      kennysheep_six_static_rooms, layout_rooms,
          gammafunk_temple_overflow_forgotten, enter_bailey_4
D:9:      layout_loops_cross, gammafunk_ghost_necromancy, serial_shops,
          nicolae_shop_hallway_plus
Temple:   eino_temple_lava

Skill      XL: |  1  2  3  4  5  6  7  8  9 10 |
---------------+-------------------------------+-----
Axes           | 3 4 |  4.7
Dodging        | 3 4 |  4.6
Fighting       | 4 5 |  5.1
Armour         | 2 3 4 6 7 9 |  9.0
Ranged Weapons | 1 5 8 10 | 10.7

Action                     |  1- 3 |  4- 6 |  7- 9 | 10-12 || total
---------------------------+-------+-------+-------+-------++-------
  Melee: Hand axe          |    76 |    13 |       |       ||    89
         War axe           |       |    95 |    58 |       ||   153
   Fire: Longbow           |       |       |   102 |    91 ||   193
    Use: Scroll            |     2 |     2 |     7 |       ||    11
         Potion            |       |     3 |       |       ||     3
 Armour: Robe              |     7 |       |       |       ||     7
         Fire dragon scale |    31 |    84 |    63 |    42 ||   220
  Dodge: Dodged            |    39 |    72 |    77 |    83 ||   271

Table legend: (Time is in decaauts)
 A = Elapsed time spent in this place.
 B = Non-inter-level travel time spent in this place.
 C = Inter-level travel time spent in this place.
 D = Time resting spent in this place.
 E = Time spent auto-exploring this place.
 F = Levels seen in this place.
 G = Mean time per level.
                   A        B        C        D        E       F      G
               +--------+--------+--------+--------+--------+-----+--------+
         Total |   8370 |   7732 |    638 |      0 |   6402 |  10 |  837.0 |
       Dungeon |   8338 |   7729 |    609 |      0 |   6402 |   9 |  926.4 |
        Temple |     32 |      3 |     29 |      0 |      0 |   1 |   32.0 |
               +--------+--------+--------+--------+--------+-----+--------+

Top non-repeatable levels by time:
     D:8: 1150 daAuts
     D:6: 1135 daAuts
     D:7: 1134 daAuts
     D:9: 1040 daAuts
     D:4: 883 daAuts
     D:5: 846 daAuts
     D:2: 809 daAuts
     D:3: 749 daAuts
     D:1: 588 daAuts
  Temple: 32 daAuts
